 Dungeon Sprint DCSS version 0.30.1-4-g462c640d31 (webtiles) character file.

Game seed: 15538856449408602651

1208 Heoruswealwe the Blocker (level 8, -11/69 HPs)
             Began as a Demigod Fighter on Aug 16, 2023.
             Mangled by a demonic crawler (13 damage)
             ... in the Dungeon (Sprint I: "Red Sonja").
             The game lasted 00:06:21 (387 turns).

Heoruswealwe the Blocker (Demigod Fighter)           Turns: 387, Time: 00:06:23

Health: -11/69     AC:  8    Str: 25    XL:     8   Next: 1%
Magic:  10/10      EV: 10    Int: 10    God:
Gold:   191        SH:  0    Dex: 13    Spells: 7/7 levels left

rFire   . . .        g - +3 scythe (heavy)
rCold   . . .        (shield currently unavailable)
rNeg    . . .        b - +0 scale mail
rPois   .            (no helmet)
rElec   .            (no cloak)
rCorr   .            (no gloves)
SInv    .            (no boots)
Will    .....        (no amulet) Stlth
                     (no ring)
HPRegen 0.31/turn    (no ring)
MPRegen 0.12/turn

%: no teleportation
@: on berserk cooldown, slowed, very slow
A: high MP 1, forlorn, divine attributes, frail 1
a: no special abilities


You were in the Dungeon.
You visited 1 branch You collected 415 gold pieces.
You spent 224 gold pieces at shops.

Inventory:

Hand Weapons
 a - a +0 war axe
 g - a +3 heavy scythe (weapon)
Armour
 b - a +0 scale mail (worn)
 c - a +0 buckler
Scrolls
 d - 4 scrolls of identify
 f - 2 scrolls of immolation
Potions
 h - 2 potions of magic


   Skills:
 + Level 8.9 Fighting
 + Level 8.6 Axes
 + Level 8.9 Armour
 + Level 8.9 Shields


You had 7 spell levels left.
You didn't know any spells.
Your spell library was empty.

Dungeon Overview and Level Annotations

Branches:
Dungeon (1/1)

Shops:
D ?


Innate Abilities, Weirdness & Mutations

You have an increased reservoir of magic. (+10% MP)
You shall have no god before yourself.
Your divine heritage dramatically boosts your attributes as you level up.
You are frail. (-10% HP)


Message History

Which direction?
You close the door.
There is an open door here.
You start resting.
HP restored.
There is an open door here.
There is an open door here.
You see here a +0 rapier.
Okay, then.
You can't wield that with only one hand.
You start removing your armour.
You continue taking off your +0 buckler. x4
You finish taking off your +0 buckler.
g - a +3 heavy scythe (weapon)
There is an open door here.
A red film seems to cover your vision as you go berserk!
You feel yourself moving faster!
You feel mighty!
The door flies open with a bang!
You feel a strong urge to attack something.
The demonic crawler gives a hideous shriek!
You feel your anger nearly subside.
You are no longer berserk.
You are exhausted.
You feel yourself slow down.
There is an open door here.
You slice the demonic crawler!!
The demonic crawler is moderately wounded.
The demonic crawler hits you. x2; The demonic crawler hits you!
The demonic crawler barely misses you. The demonic crawler hits you.
The demonic crawler barely misses you. The demonic crawler hits you!
The demonic crawler completely misses you.
The demonic crawler hits you!
* * * LOW HITPOINT WARNING * * *
You barely miss the demonic crawler.
The demonic crawler is lightly wounded.
The demonic crawler hits you!
* * * LOW HITPOINT WARNING * * *
The demonic crawler hits you!
* * * LOW HITPOINT WARNING * * *
The demonic crawler hits you!
You die...

##########################
#<.#..)..#..'..#__#..)...#
#..').#..'[.#..@s.'..#...##+#
#..#####'#####'#__####..sss.#
#..####..#...#)#### #####..+
#..#__####..##.# ##
#..#_____##'#_.+
#⌠⌠#_.∩...'..._#
####_..__##_.#+# #_____###+#
#######


You could see a demonic crawler.

Vanquished Creatures
  2 kobold demonologists (D)
  A slime creature (D)
  Sigmund (D)
  A yak (D)
  A floating eye (D)
  An ogre (D)
  A jelly (D)
  Ijyb (D)
9 creatures vanquished.

Notes
Turn   | Place    | Note
-------+----------+-------------------------------------------
     0 | D        | Heoruswealwe the Demigod Fighter began the quest for the
                  | Orb.
     0 | D        | Reached XP level 1. HP: 18/18 MP: 3/3
     3 | D        | Noticed Ijyb
     8 | D        | Killed Ijyb
     9 | D        | Reached XP level 2. HP: 20/27 MP: 4/4
    12 | D        | Noticed an ogre
    18 | D        | Killed an ogre
    19 | D        | Reached XP level 3. HP: 16/35 MP: 5/5
    19 | D        | Reached XP level 4. HP: 19/41 MP: 6/6
    23 | D        | Noticed Sigmund
    28 | D        | Killed Sigmund
    29 | D        | Reached skill level 5 in Axes
    29 | D        | Reached XP level 5. HP: 22/50 MP: 7/7
    39 | D        | Noticed a slime creature
    46 | D        | Killed a slime creature
    47 | D        | Reached XP level 6. HP: 39/60 MP: 8/8
    56 | D        | Noticed a kobold demonologist
    56 | D        | Noticed a kobold demonologist
    59 | D        | Noticed a neqoxec
    65 | D        | Killed a kobold demonologist
    66 | D        | Reached XP level 7. HP: 50/68 MP: 9/9
    68 | D        | Noticed a chaos spawn
    68 | D        | Gained mutation: You are frail. (-10% HP) [a neqoxec]
    78 | D        | Killed a kobold demonologist
   149 | D        | Found Foif's Magic Scroll Emporium.
   149 | D        | Noticed a yak
   156 | D        | Killed a yak
   157 | D        | Reached XP level 8. HP: 56/69 MP: 10/10
   164 | D        | Bought a scroll of identify for 28 gold pieces
   164 | D        | Bought a scroll of immolation for 56 gold pieces
   164 | D        | Bought a scroll of identify for 28 gold pieces
   164 | D        | Bought a scroll of identify for 28 gold pieces
   164 | D        | Bought a scroll of immolation for 56 gold pieces
   164 | D        | Bought a scroll of identify for 28 gold pieces
   197 | D        | Noticed a demonic crawler
   197 | D        | Noticed a demonic crawler
   197 | D        | Noticed a demonic crawler
   197 | D        | Noticed a demonic crawler
   387 | D        | HP: 2/69 [demonic crawler (7)]
   387 | D        | Mangled by a demonic crawler

Illustrated notes

Levels and vault maps discovered:
D:        dungeon_sprint_1 [red_sonja_temple_1, red_sonja_temple_small_1]

Skill      XL: |  1  2  3  4  5  6  7 |
---------------+----------------------+-----
Fighting       | 3 4 6 7 8 |  8.9
Axes           | 3 4 5 6 7 8 |  8.6
Armour         | 3 4 6 7 8 |  8.9
Shields        | 3 4 6 7 8 |  8.9

Action                     |  1- 3 |  4- 6 |  7- 9 || total
---------------------------+-------+-------+-------++-------
  Melee: War axe           |     8 |    15 |    25 ||    48
         Halberd           |       |       |     2 ||     2
  Evoke: Wand              |     1 |     4 |       ||     5
    Use: Potion            |     2 |     2 |     2 ||     6
         Scroll            |       |       |     1 ||     1
 Armour: Scale mail        |       |     3 |     6 ||     9
  Dodge: Dodged            |     2 |     1 |    15 ||    18
  Block: Buckler           |       |     3 |     5 ||     8
